AoeStats
← Pielover757

African Clearing

510499085Analyzed
4v4 RM · 24h ago on Oct 1, 2026· 31m 20s· 8 players
Game mode
Random Map
Map size
Large (8 player)
Population
200
Speed
Normal
Resources
Standard
Victory
Conquest
Starting age
Dark Age
Ending age
Imperial Age
RankedLock teamsTeams togetherTeam positionsShared explorationLock speedFull tech treeHidden civsTurbo modeCheats
Victory
Defeat
🇨🇳 Aztecs · China
1805
+12
🇨🇳 Bulgarians · China
1739
+14
🇨🇳 Romans · China
1694
+16
🇨🇳 Teutons · China
1608
+20
🇻🇳 Huns · Vietnam
1843
-21
🇦🇷 Maya · Argentina
1785
-19
🇿🇦 Mongols · South Africa
1671
-14
🇭🇰 Byzantines · Hong Kong SAR China
1506
-8
czj136
4:35 Loom
11:54 Feudal Age
13:10 Town Watch
13:39 Fletching
儒门大吊-日食
10:13 Feudal Age
10:56 Double-Bit Axe
13:57 Horse Collar
15:51 Loom
17:59 Gold Mining
18:39 Forging
21:14 Castle Age
19:44 Scale Barding Armor
19:55 Bloodlines
21:19 Light Cavalry
22:35 Iron Casting
23:11 Chain Barding Armor
22:51 Husbandry
25:25 Wheelbarrow
27:03 Bow Saw
26:55 Heavy Plow
32:56 Imperial Age
30:47 Scale Mail Armor
31:47 Chain Mail Armor
30:53 Pikeman
31:33 Squires
mongo
3:37 Loom
13:07 Feudal Age
13:37 Double-Bit Axe
16:08 Scale Barding Armor
16:16 Forging
17:32 Horse Collar
22:07 Town Watch
26:22 Castle Age
27:19 Scale Barding Armor
27:56 Iron Casting
28:16 Chain Barding Armor
catastrophe
12:21 Feudal Age
13:44 Loom
16:18 Castle Age
14:34 Double-Bit Axe
14:55 Gold Mining
17:22 Bow Saw
20:37 Horse Collar
23:37 Wheelbarrow
24:44 Town Watch
29:40 Imperial Age
27:01 Treadmill Crane
27:20 Stone Mining
27:09 Eagle Warrior
28:18 Squires
28:21 Scale Mail Armor
28:32 Forging
29:08 Chain Mail Armor
29:55 Hand Cart
30:19 Sanctity
30:59 Gold Shaft Mining
Đam Mê Game
8:18 Loom
12:44 Feudal Age
14:20 Double-Bit Axe
22:05 Fletching
25:40 Gold Mining
28:09 Castle Age
26:11 Gold Mining
26:05 Horse Collar
27:35 Bloodlines
27:28 Padded Archer Armor
28:11 Crossbowman
28:47 Bodkin Arrow
evi
3:33 Loom
14:06 Feudal Age
16:23 Double-Bit Axe
18:45 Castle Age
19:57 Bow Saw
21:48 Horse Collar
27:40 Scale Barding Armor
28:37 Wheelbarrow
32:59 Imperial Age
31:00 Forging
30:42 Gold Mining
Pielover757
8:29 Loom
12:03 Feudal Age
15:40 Castle Age
13:45 Double-Bit Axe
22:49 Scale Barding Armor
23:44 Town Watch
26:47 Wheelbarrow
28:24 Bloodlines
28:15 Husbandry
28:34 Forging
28:43 Husbandry
_Ares_大锤
6:13 Loom
14:50 Feudal Age
16:34 Fletching
18:15 Double-Bit Axe
21:15 Horse Collar
22:35 Fishing Lines
29:12 Castle Age
Connection lost

Rejoining the realm…

Still unreachable

The connection could not be restored.

Session expired

The server has moved on; the page needs a fresh start.